 Dungeon Crawl Stone Soup version 0.30-a0-1157-g2cc9ac7196 (webtiles) character file.

Game seed: 2302256614204926173

81 GloriousHammer the Ruffian (level 4, -13/44 HPs)
             Began as a Troll Fighter on Apr 24, 2023.
             Mangled by a gnoll
             ... wielding a +1 halberd of freezing
              (14 damage)
             ... on level 3 of the Dungeon.
             The game lasted 00:04:28 (1829 turns).

GloriousHammer the Ruffian (Troll Fighter)          Turns: 1829, Time: 00:04:28

Health: -13/44     AC:  4    Str: 30    XL:     4   Next: 20%
Magic:  3/3        EV:  9    Int:  6    God:
Gold:   11         SH:  7    Dex:  9    Spells: 3/3 levels left

rFire   . .          .
                       - Unarmed
rCold   . . .        b - +0 kite shield
rNeg    . . .        a - +0 robe
rPois   .            (helmet restricted)
rElec   .            (no cloak)
rCorr   .            (gloves unavailable)
SInv    .            (boots unavailable)
Will    .....        (no amulet)
Stlth   +            S - +6 ring of strength
HPRegen 1.07/turn    (no ring)
MPRegen 0.08/turn

%: no passive effects
@: about to teleport
A: large, unfitting armour, claws 3, regeneration 1, shaggy fur 1, tough skin 1
a: no special abilities


You were on level 3 of the Dungeon.
You visited 1 branch of the dungeon, and saw 3 of its levels.

You collected 123 gold pieces.
You spent 112 gold pieces at shops.

Inventory:

Armour
 a - a +0 robe (worn)
 b - a +0 kite shield (worn)
Jewellery
 S - a +6 ring of strength (left claw)
Scrolls
 k - a scroll of teleportation
 l - a scroll of poison
 n - a scroll of amnesia {unknown}
Potions
 c - 2 potions of might
 e - 2 potions of magic {unknown}
 g - a potion of haste {unknown}
 h - 2 potions of curing
 m - a potion of brilliance {unknown}


   Skills:
 + Level 2.9 Fighting
 - Level 2.4 Dodging
 + Level 3.2 Shields
 * Level 3.4 Unarmed Combat


You had 3 spell levels left.
You didn't know any spells.
Your spell library was empty.

Dungeon Overview and Level Annotations

Branches:
Dungeon (3/15)

Altars:
Makhleb

Shops:
D:1 !   D:2 =?!


Innate Abilities, Weirdness & Mutations

You are too large for most types of armour.
You have claws for hands.
Your natural rate of healing is unusually fast.
You are covered in fur. (AC +1)
You have tough skin. (AC +1)


Message History

Okay, then.
Done exploring.
(D) Dungeon
Where to? (Enter - D:1, ? - help)
You climb downwards.
There is a stone staircase leading up here.
(D) Dungeon
Where to? (Enter - D:2, ? - help)
There is a stone staircase leading down here.
You climb downwards.
There is a stone staircase leading up here.
A hound comes into view.
The hound barks!
A hound is nearby!
A hound is nearby!
The hound bites you.
You claw the hound!
The hound is severely wounded.
The hound bites you. x2
You scratch the hound.
The hound is almost dead.
The hound bites you.
You claw the hound!
You kill the hound!
You have reached level 4!
A goblin comes into view. It is wielding a +0 club.
A goblin is nearby!
The goblin shouts!
You miss the goblin. The goblin hits you with a +0 club.
You closely miss the goblin. The goblin hits you but does no damage.
You claw the goblin!
You kill the goblin!
You see here a +0 club.
A frilled lizard comes into view.
The frilled lizard hisses angrily.
A frilled lizard is nearby!
A frilled lizard is nearby!
A giant cockroach comes into view.
You block the giant cockroach's attack.
You closely miss the frilled lizard. You block the giant cockroach's attack.
The frilled lizard bites you but does no damage.
The giant cockroach closely misses you.
You miss the frilled lizard.
The frilled lizard bites you but does no damage.
The giant cockroach closely misses you.
You claw the giant cockroach!
You kill the giant cockroach!
The frilled lizard barely misses you. The frilled lizard bites you.
You claw the frilled lizard!
You kill the frilled lizard!
You see here a frilled lizard corpse.
A kobold comes into view. It is wielding a +0 short sword.
A kobold is nearby!
A kobold is nearby!
Found an escape hatch in the ceiling.
The kobold misses you.
You barely miss the kobold. The kobold barely misses you.
You scratch the kobold.
The kobold is heavily wounded.
The kobold barely misses you. You block the kobold's attack.
You claw the kobold!
You kill the kobold!
Things that are here:
a +0 short sword; a kobold corpse
Found a potion of degeneration. 3 gnolls come into view.
A gnoll is wielding a +1 halberd of freezing.
The gnoll shouts!
There are monsters nearby!
You block the gnoll's attack.
The gnoll hits you from afar with a +0 spear.
The gnoll barely misses you.
You scratch the gnoll.
The gnoll is lightly wounded.
The gnoll hits you with a +0 spear.
A rat comes into view.
You barely miss the gnoll.
The gnoll is lightly wounded.
The gnoll hits you with a +0 spear. The gnoll hits you with a +0 club.
The gnoll hits you from afar with a +1 halberd of freezing!
The gnoll freezes you.
You scratch the gnoll.
The gnoll is severely wounded.
A kobold comes into view.
It is wielding a +0 short sword and quivering poisoned darts.
You block the gnoll's attack. The gnoll hits you with a +0 spear.
The gnoll hits you from afar with a +1 halberd of freezing.
* * * LOW HITPOINT WARNING * * *
The gnoll freezes you.
* * * LOW HITPOINT WARNING * * *
As you read the scroll of teleportation, it crumbles to dust.
You feel strangely unstable.
The kobold shouts!
The gnoll hits you with a +0 spear!
* * * LOW HITPOINT WARNING * * *
The gnoll barely misses you.
The kobold throws a poisoned dart.
The poisoned dart barely misses you.
The poisoned dart closely misses the gnoll.
The gnoll hits you from afar with a +1 halberd of freezing!
You die...

#...##.#.# #..#.#.#
#...K.# ###...##
.######....######.#
........#.........#
#####..)#.#...#####
#.....+.#.#..#
....#...###.##@####
###.#...# #...gg..+
# ##########g####
..!.......###
########....#
#.....r.....#
#.......##...
#.......# .#
#.......# #


You could see 3 gnolls, a kobold and a rat.

Vanquished Creatures
  A hound (D:3)
  An adder (D:2)
  A worm (D:2)
  3 bats
  6 endoplasms
  3 giant cockroaches
  3 goblins
  5 hobgoblins
  4 ball pythons
  3 frilled lizards
  4 kobolds
  4 rats
38 creatures vanquished.

Vanquished Creatures (others)
  14 plants (D:1)
14 creatures vanquished.

Grand Total: 52 creatures vanquished

Notes
Turn   | Place    | Note
-------+----------+-------------------------------------------
     0 | D:1      | GloriousHammer the Troll Fighter began the quest for the
                  | Orb.
     0 | D:1      | Reached XP level 1. HP: 22/22 MP: 0/0
    75 | D:1      | Reached XP level 2. HP: 26/29 MP: 1/1
   248 | D:1      | Found Viuxzuof's Distillery.
   258 | D:1      | Bought 2 potions of curing for 72 gold pieces
   258 | D:1      | Bought a potion of degeneration for 12 gold pieces
   676 | D:2      | Found Focieqy's Magic Scroll Emporium.
   719 | D:2      | Reached XP level 3. HP: 36/36 MP: 2/2
   847 | D:2      | Found Citynosch's Jewellery Shoppe.
   925 | D:2      | Found a burning altar of Makhleb.
  1172 | D:2      | Found Ubrixilu's Distillery.
  1692 | D:2      | Bought a scroll of identify for 28 gold pieces
  1763 | D:3      | Reached XP level 4. HP: 39/44 MP: 3/3
  1829 | D:3      | HP: 1/44 [gnoll/+0 spear (8)]
  1829 | D:3      | Mangled by a gnoll

Illustrated notes

Levels and vault maps discovered:
D:1:      roderic_crop_circles_arrival_small, layout_rooms, serial_glass,
          glass_columns_b, glass_columns_c, serial_shops, shop
D:2:      layout_basic, serial_shops, nicolae_shop_window_shopping,
          nicolae_square_shop, nicolae_shop_peninsula, basic_altar
D:3:      layout_basic, ebering_ecumenical_altar_abandoned

Skill      XL: |  1  2  3 |
---------------+----------+-----
Shields        | 3 |  3.2
Unarmed Combat | 3 |  3.4
Fighting       | |  2.9
Dodging        | |  2.4

Action                     |  1- 3 |  4- 6 || total
---------------------------+-------+-------++-------
  Melee: Unarmed           |   110 |    13 ||   123
    Use: Scroll            |     4 |     1 ||     5
 Armour: Robe              |    27 |     3 ||    30
  Dodge: Dodged            |    28 |     9 ||    37
  Block: Kite shield       |    28 |     5 ||    33

Table legend: (Time is in decaauts)
 A = Elapsed time spent in this place.
 B = Non-inter-level travel time spent in this place.
 C = Inter-level travel time spent in this place.
 D = Time resting spent in this place.
 E = Time spent auto-exploring this place.
 F = Levels seen in this place.
 G = Mean time per level.
                   A        B        C        D        E       F      G
               +--------+--------+--------+--------+--------+-----+--------+
         Total |   1839 |   1683 |    156 |      0 |   1312 |   3 |  613.0 |
       Dungeon |   1839 |   1683 |    156 |      0 |   1312 |   3 |  613.0 |
               +--------+--------+--------+--------+--------+-----+--------+

Top non-repeatable levels by time:
     D:2: 1195 daAuts
     D:1: 563 daAuts
     D:3: 79 daAuts
